 Dungeon Crawl Stone Soup version 0.27-a0-1060-gcb85b5eba1 (webtiles) character file.

Game seed: 12840921896422557791

30 inmateoo the Chiller (level 3, 0/25 HPs)
             Began as a Demonspawn Ice Elementalist on Apr 21, 2021.
             Frozen to death by an endoplasm (4 damage)
             ... on level 2 of the Dungeon.
             The game lasted 00:02:13 (1372 turns).

inmateoo the Chiller (Demonspawn Ice Elementalist)  Turns: 1372, Time: 00:02:14

Health: 0/25       AC:  3    Str:  8    XL:     3   Next: 3%
Magic:  4/6        EV: 12    Int: 17    God:
Gold:   14         SH:  4    Dex: 13    Spells: 5/6 levels left

rFire    . . .     SeeInvis .   g - +0 short sword (venom)
rCold    . . .     Faith    .   (no shield)
rNeg     . . .     Spirit   .   a - +0 robe
rPois    .         Reflect  .   (no helmet)
rElec    .         Harm     .   (no cloak)
rCorr    .         Rampage  .   f - +0 pair of gloves
Will     .....                  (no boots)
Stlth    ++........             (no amulet)
HPRegen  0.08/turn              (no ring)
MPRegen  0.20/turn              (no ring)

@: no status effects
A: magic regeneration, condensation shield
a: no special abilities


You were on level 2 of the Dungeon.
You visited 1 branch of the dungeon, and saw 2 of its levels.

You collected 114 gold pieces.
You spent 100 gold pieces at shops.

Inventory:

Hand Weapons
 g - a +0 short sword of venom (weapon)
Armour
 a - a +0 robe (worn)
 f - a +0 pair of gloves (worn)
Scrolls
 b - a scroll of holy word {unknown}
 c - a scroll of enchant armour {unknown}
 d - 2 scrolls of identify {unknown}
 e - a scroll of amnesia {unknown}
 k - a scroll of magic mapping {unknown}
Potions
 h - a potion of brilliance {unknown}
 i - a potion of resistance {unknown}
 j - a potion of haste


   Skills:
 * Level 0.8 Fighting
 + Level 1.7 Dodging
 + Level 1.7 Stealth
 * Level 0.4 Unarmed Combat
 + Level 2.2 Spellcasting
 + Level 4.2 Ice Magic


You had 5 spell levels left.
You knew the following spells:

 Your Spells              Type           Power      Damage    Failure   Level
a - Freeze                Ice            64%        1d8       3%          1

Your spell library contained the following spells:

 Spells                   Type           Power      Damage    Failure   Level
 Frozen Ramparts          Ice            32%        1d5       10%         3
 Ozocubu's Armour         Ice            16%        N/A       10%         3
 Hailstorm                Conj/Ice       9%         3d4       63%         4
 Metabolic Englaciation   Hex/Ice        4%         N/A       92%         5


Dungeon Overview and Level Annotations

Branches:
Dungeon (2/15)

Altars:
Vehumet

Shops:
D:2 *


Innate Abilities, Weirdness & Mutations

You regenerate magic rapidly.
A meltable shield of frost defends you. (SH +4)


Message History

The quokka is heavily wounded.
The quokka misses you. The quokka closely misses you.
You see here a scroll labelled WYMOLO GUAJA.
You kill the quokka!
You have reached level 3!
Your experience leads to an increase in your attributes!
Increase (S)trength, (I)ntelligence, or (D)exterity?
You feel clever.
Your demonic ancestry asserts itself...
Your magic begins to regenerate rapidly.
You closely miss the hobgoblin. The hobgoblin barely misses you.
Casting: Freeze (safe; 3% risk of failure)
Confirm with . or Enter, or press ? or * to list all spells.
Aiming: Freeze (safe; 3% risk of failure)
Press: ? - help, Shift-Dir - straight line, f - hobgoblin
Aim: a hobgoblin You freeze the hobgoblin.
You kill the hobgoblin!
You completely miss the endoplasm. The endoplasm hits you.
You completely miss the endoplasm. You block the endoplasm's attack.
You hit the endoplasm but do no damage. The endoplasm freezes you.
You are frozen.
You barely miss the endoplasm. The endoplasm hits you.
* * * LOW HITPOINT WARNING * * *
Casting: Freeze (safe; 3% risk of failure)
Confirm with . or Enter, or press ? or * to list all spells.
Aiming: Freeze (safe; 3% risk of failure)
Press: ? - help, Shift-Dir - straight line, f - endoplasm
Aim: an endoplasm You freeze the endoplasm.
The endoplasm is lightly wounded.
The endoplasm freezes you.
You are frozen.
* * * LOW HITPOINT WARNING * * *
Okay, then.
A frilled lizard comes into view.
The endoplasm freezes you.
You are frozen.
You die...

. .. ## ## #.##. .##.# #
##J.. .$#.# l#
.#.##)#.##.# .# #
....##.##..# #.#.#
..........# ....#
.......$..#######...##
##.##.....##...#@....#
.. #..?..##...J.....# #
###†####...#.....# #.#
##g###...## # #.# #.#
#### #.#.###g## #.###
##############
.........# #.##..
........#...##
..#.##.#.####.##.###..#
#..###<#
#....g...##.#.#..####.##
##.


You could see an endoplasm, a goblin and a frilled lizard (asleep).

Vanquished Creatures
  A worm (D:2)
  A dart slug (D:2)
  2 bats
  4 endoplasms
  A giant cockroach (D:1)
  4 goblins
  3 hobgoblins
  2 quokkas (D:2)
  A ball python (D:2)
  A kobold (D:1)
  A rat (D:1)
21 creatures vanquished.

Notes
Turn   | Place    | Note
-------+----------+-------------------------------------------
     0 | D:1      | inmateoo the Demonspawn Ice Elementalist began the quest
                  | for the Orb.
     0 | D:1      | Reached XP level 1. HP: 13/13 MP: 3/3
   281 | D:1      | Reached skill level 4 in Ice Magic
   312 | D:1      | Gained mutation: A meltable shield of frost defends you.
                  | (SH +4) [demonic ancestry]
   312 | D:1      | Reached XP level 2. HP: 15/19 MP: 1/5
   489 | D:1      | Found a faded altar of an unknown god.
  1173 | D:2      | Found a radiant altar of Vehumet.
  1229 | D:2      | Found Seiz's General Store.
  1232 | D:2      | Bought a potion of haste for 100 gold pieces
  1348 | D:2      | Gained mutation: You regenerate magic rapidly. [demonic
                  | ancestry]
  1348 | D:2      | Reached XP level 3. HP: 14/25 MP: 0/6
  1372 | D:2      | Frozen to death by an endoplasm

Illustrated notes

Levels and vault maps discovered:
D:1:      psy_arrival_wood_between_worlds, layout_loops_ring,
          ebering_ecumenical_altar_abandoned
D:2:      layout_loops_cross, basic_altar, serial_shops,
          nicolae_shop_behind_doors, minmay_ruptured

Skill      XL: |  1 |
---------------+----+-----
Ice Magic      | 4 |  4.2
Fighting       | |  0.8
Dodging        | |  1.7
Stealth        | |  1.7
Unarmed Combat | |  0.4
Spellcasting   | |  2.2

Action                   || total
-------------------------++-------
Melee: Unarmed           ||     7
       Short sword       ||    14
 Cast: Freeze            ||    36
Armor: Robe              ||     8
Dodge: Dodged            ||    25
Block: Other             ||     5

Table legend: (Time is in decaauts)
 A = Elapsed time spent in this place.
 B = Non-inter-level travel time spent in this place.
 C = Inter-level travel time spent in this place.
 D = Time resting spent in this place.
 E = Time spent auto-exploring this place.
 F = Levels seen in this place.
 G = Mean time per level.
                   A        B        C        D        E       F      G
               +--------+--------+--------+--------+--------+-----+--------+
         Total |   1372 |   1299 |     73 |    146 |    943 |   2 |  686.0 |
       Dungeon |   1372 |   1299 |     73 |    146 |    943 |   2 |  686.0 |
               +--------+--------+--------+--------+--------+-----+--------+

Top non-repeatable levels by time:
     D:1: 864 daAuts
     D:2: 508 daAuts
